Red Wings vs Flyers
Created - January 18, 2019 at 22:54
Goals
|
| Red Wings |
1 |
1 |
2 |
4 |
| Flyers |
1 |
0 |
1 |
2 |
|
Shots
|
| Red Wings |
10 |
17 |
9 |
36 |
| Flyers |
12 |
12 |
18 |
42 |
|
1st period
1. Flyers , Kyle Wellwood 10 (Chris Mcallister 6) at 4:00
2. Red Wings , Phil Kessel 21 (Ryan Whitney 7, Tyler Seguin 16) at 7:24 (PP)
Penalties :
Kyle Wellwood (Phi) for Hooking (Minor) at 0:27, Jeff Carter (Phi) for Hooking (Minor) at 7:02
2nd period
3. Red Wings , Adam Henrique 17 (Phil Kessel 24, Ole-Kristian Tollefsen 18) at 16:21
Penalties :
Steve Mason (Phi) for Slashing (Minor) at 7:47 - Mats Zuccarello served the penalty
3rd period
4. Red Wings , Phil Kessel 22 (Adam Henrique 22, Tyler Seguin 17) at 0:04
5. Flyers , Matthew Lombardi 5 (Dustin Jeffrey 1) at 3:31
6. Red Wings , Carson Mcmillan 4 (Chris Kelly 8, Ole-Kristian Tollefsen 19) at 9:31
Penalties :
Jakub Voracek (Phi) for Tripping (Minor) at 5:00, Oleg Saprykin (Det) for Hooking (Minor) at 15:45
Goalie Stats
James Reimer (Det), 40 saves from 42 shots - (0.952), W, 10-7-5, 60:00 minutes
Steve Mason (Phi), 32 saves from 36 shots - (0.889), L, 10-4-1, 60:00 minutes
Players Stats for Red Wings
Player Name G A P +/- PIM S H SB GA TA FO MP PP MP PK MP
------------------------------------------------------------------------------------
Adam Henrique 1 1 2 2 0 4 0 1 3 0 0/0 19:43 2:51 0:00
Ales Hemsky 0 0 0 -2 0 0 0 0 1 0 0/0 8:12 0:34 0:00
Alex Picard 0 0 0 1 0 2 0 0 2 0 0/2 11:22 0:15 0:20
Brent Seabrook 0 0 0 0 0 0 1 6 0 0 0/0 21:55 2:59 0:00
Carson Mcmillan 1 0 1 1 0 3 1 0 0 0 0/0 11:44 0:15 0:42
Chris Kelly 0 1 1 1 0 1 1 0 1 0 4/5 12:53 0:35 0:54
Jiri Fischer 0 0 0 0 0 2 1 2 0 1 0/0 15:35 0:32 1:06
Lubomir Visnovsky 0 0 0 0 0 2 2 2 0 2 0/0 15:18 0:00 0:53
Mike Richards 0 0 0 0 0 3 1 0 0 0 12/26 19:20 2:55 0:00
Nate Thompson 0 0 0 -2 0 0 2 0 0 1 2/5 7:38 0:00 0:00
Oleg Saprykin 0 0 0 -2 2 1 1 1 0 2 0/0 7:37 0:00 0:00
Ole-Kristian Tollefsen 0 2 2 1 0 0 0 1 1 1 0/0 22:15 2:48 1:06
Phil Kessel 2 1 3 2 0 8 0 0 1 0 1/2 19:07 2:52 0:00
Philip Samuelsson 0 0 0 1 0 0 0 3 0 0 0/0 23:35 3:31 0:53
Ryan Whitney 0 1 1 0 0 3 3 0 0 1 0/0 21:22 2:48 0:00
Sean Bergenheim 0 0 0 0 0 3 2 0 0 0 1/1 20:17 2:55 0:57
Tyler Seguin 0 2 2 2 0 1 0 0 0 0 12/28 20:47 2:50 1:05
Tyler Toffoli 0 0 0 0 0 3 1 0 0 1 0/0 19:20 2:55 0:00
Players Stats for Flyers
Player Name G A P +/- PIM S H SB GA TA FO MP PP MP PK MP
------------------------------------------------------------------------------------
Brian Lashoff 0 0 0 0 0 1 2 1 0 0 0/0 16:50 0:00 0:00
Brian McGrattan 0 0 0 1 0 1 1 0 0 0 0/0 6:43 0:00 0:00
Chris Mcallister 0 1 1 -1 0 3 2 1 4 1 0/1 16:25 0:00 3:03
Drew Miller 0 0 0 -1 0 7 0 0 1 0 3/4 19:07 1:02 0:03
Dustin Jeffrey 0 1 1 1 0 0 0 0 0 0 0/0 6:18 0:00 0:00
J.T. Miller 0 0 0 0 0 4 0 1 0 1 3/4 18:25 0:57 3:13
Jakub Voracek 0 0 0 -1 2 3 1 0 1 0 1/2 18:48 1:02 0:00
Jaromir Jagr 0 0 0 -2 0 0 1 0 0 2 0/0 11:34 0:00 0:00
Jeff Carter 0 0 0 -1 2 6 1 0 0 1 12/28 18:58 1:02 0:00
Jeff Woywitka 0 0 0 0 0 1 2 0 0 1 0/0 23:04 1:03 2:35
Jonathan Ericsson 0 0 0 -1 0 1 1 2 0 1 0/0 20:17 1:03 2:46
Kyle Wellwood 1 0 1 1 2 6 2 1 0 0 6/13 18:26 0:57 2:13
Marcus Kruger 0 0 0 -2 0 1 1 0 1 0 6/9 12:54 0:00 0:53
Mats Zuccarello 0 0 0 0 0 1 1 1 0 0 0/0 15:01 0:57 0:00
Matthew Lombardi 1 0 1 2 0 1 5 0 0 1 6/8 10:59 0:00 3:13
Nathan Beaulieu 0 0 0 1 0 1 1 0 0 0 0/0 15:37 0:56 0:11
Oliver Ekman-Larsson 0 0 0 -2 0 2 0 1 2 1 0/0 23:26 0:56 3:33
Steve McCarthy 0 0 0 0 0 3 1 1 0 0 0/0 20:46 0:00 3:33
3 Stars
1 - Phil Kessel (Det)
2 - James Reimer (Det)
3 - Adam Henrique (Det)
Power Play
Red Wings - 1 on 4 Attempt(s) - 25.00%
Flyers - 0 on 1 Attempt(s) - 0.00%
Penalty Kill
Red Wings - 1 on 1 Attempt(s) - 100.00%
- Score 0 goal in Penalty Kill
Flyers - 3 on 4 Attempt(s) - 75.00%
- Score 0 goal in Penalty Kill
Team Stat
Red Wings - Hits : 16 - Faceoff Wins : 32 - Blocked Shots : 16 - Penalty Minutes : 2
Flyers - Hits : 22 - Faceoff Wins : 37 - Blocked Shots : 9 - Penalty Minutes : 8
Official
Referees : Unknown
Linesman : Unknown
Game Notes
No Game Note
Finance
Level 1 -- Attendance: 3750 (62.50%) -- Ticket Income $468,750
Level 2 -- Attendance: 3110 (62.20%) -- Ticket Income $233,250
Level 3 -- Attendance: 1110 (55.50%) -- Ticket Income $55,500
Level 4 -- Attendance: 2210 (55.25%) -- Ticket Income $88,400
Luxury Box -- Attendance: 563 (56.30%) -- Ticket Income $140,750
Game was played at the Wells Fargo Center.
Total Attendance: 10743 (59.68%)
Total Ticket Income: $986,650
Other Income: $147,998
Total Income: $1,134,648
Red Wings
5 vs 5 Forward
Center Left Wing Right Wing Time % Phy DF OF
1 Mike Richards Sean Bergenheim Tyler Toffoli 36 0 2 3
2 Tyler Seguin Adam Henrique Phil Kessel 36 0 2 3
3 Chris Kelly Alex Picard Carson Mcmillan 20 0 3 2
4 Nate Thompson Oleg Saprykin Ales Hemsky 8 1 2 2
5 vs 5 Defense
Defense Defense Time % Phy DF OF
1 Brent Seabrook Ryan Whitney 35 0 3 2
2 Ole-Kristian Tollefsen Philip Samuelsson 35 0 3 2
3 Lubomir Visnovsky Jiri Fischer 20 0 3 2
4 Lubomir Visnovsky Jiri Fischer 10 0 3 2
PowerPlay Forward
Center Left Wing Right Wing Time % Phy DF OF
1 Tyler Seguin Adam Henrique Phil Kessel 55 0 1 4
2 Mike Richards Sean Bergenheim Tyler Toffoli 45 0 1 4
PowerPlay Defense
Defense Defense Time % Phy DF OF
1 Philip Samuelsson Brent Seabrook 60 0 2 3
2 Ole-Kristian Tollefsen Ryan Whitney 40 0 2 3
Penalty Kill 4 Players Forward
Center Wing Time % Phy DF OF
1 Oleg Saprykin Sean Bergenheim 50 1 2 2
2 Chris Kelly Carson Mcmillan 50 1 2 2
Penalty Kill 4 Players Defense
Defense Defense Time % Phy DF OF
1 Lubomir Visnovsky Philip Samuelsson 50 1 2 2
2 Jiri Fischer Ole-Kristian Tollefsen 50 1 2 2
Penalty Kill - 3 Players Forward
Forward Time % Phy DF OF
1 Carson Mcmillan 60 1 2 2
2 Oleg Saprykin 40 1 2 2
Penalty Kill - 3 Players Defense
Defense Defense Time % Phy DF OF
1 Lubomir Visnovsky Philip Samuelsson 50 1 2 2
2 Jiri Fischer Ole-Kristian Tollefsen 50 1 2 2
4 vs 4 Forward
Center Wing Time % Phy DF OF
1 Mike Richards Adam Henrique 60 1 2 2
2 Tyler Seguin Phil Kessel 40 1 2 2
4 vs 4 Defense
Defense Defense Time % Phy DF OF
1 Brent Seabrook Jiri Fischer 60 1 2 2
2 Ole-Kristian Tollefsen Philip Samuelsson 40 1 2 2
Last Minutes Offensive
Center Left Wing Right Wing Defense Defense
Mike Richards Adam Henrique Phil Kessel Brent Seabrook Philip Samuelsson
Last Minutes Defensive
Center Left Wing Right Wing Defense Defense
Chris Kelly Sean Bergenheim Carson Mcmillan Jiri Fischer Lubomir Visnovsky
Goaltenders
Starting : James Reimer
Backup : John Gibson
Extra Forwards
Normal : Adam Henrique, Tyler Seguin, Chris Kelly - PP : Chris Kelly, Ales Hemsky - PK : Chris Kelly
Extra Defensemen
Normal : Brent Seabrook, Philip Samuelsson, Lubomir Visnovsky - PP : Jiri Fischer - PK : Brent Seabrook, Ole-Kristian Tollefsen
Penalty Shots
Phil Kessel, Mike Richards, Tyler Seguin, Carson Mcmillan, Alex Picard
Scratches
Brendan Bell (Healthy), Michael Haley (Healthy)
Flyers
5 vs 5 Forward
Center Left Wing Right Wing Time % Phy DF OF
1 Jeff Carter Drew Miller Jakub Voracek 40 0 1 4
2 Kyle Wellwood J.T. Miller Mats Zuccarello 30 0 1 4
3 Marcus Kruger Chris Mcallister Jaromir Jagr 20 0 1 4
4 Matthew Lombardi Dustin Jeffrey Brian McGrattan 10 0 4 1
5 vs 5 Defense
Defense Defense Time % Phy DF OF
1 Oliver Ekman-Larsson Jonathan Ericsson 30 1 3 1
2 Jeff Woywitka Nathan Beaulieu 30 1 3 1
3 Brian Lashoff Steve McCarthy 30 1 3 1
4 Oliver Ekman-Larsson Jeff Woywitka 10 1 3 1
PowerPlay Forward
Center Left Wing Right Wing Time % Phy DF OF
1 Jeff Carter Drew Miller Jakub Voracek 50 0 1 4
2 Kyle Wellwood J.T. Miller Mats Zuccarello 50 0 1 4
PowerPlay Defense
Defense Defense Time % Phy DF OF
1 Oliver Ekman-Larsson Steve McCarthy 50 0 2 3
2 Jonathan Ericsson Jeff Woywitka 50 0 2 3
Penalty Kill 4 Players Forward
Center Wing Time % Phy DF OF
1 Matthew Lombardi Chris Mcallister 50 0 4 1
2 Kyle Wellwood J.T. Miller 50 0 4 1
Penalty Kill 4 Players Defense
Defense Defense Time % Phy DF OF
1 Oliver Ekman-Larsson Steve McCarthy 50 1 4 0
2 Jeff Woywitka Jonathan Ericsson 50 1 4 0
Penalty Kill - 3 Players Forward
Forward Time % Phy DF OF
1 Matthew Lombardi 50 0 4 1
2 Kyle Wellwood 50 0 4 1
Penalty Kill - 3 Players Defense
Defense Defense Time % Phy DF OF
1 Oliver Ekman-Larsson Steve McCarthy 50 1 4 0
2 Jeff Woywitka Jonathan Ericsson 50 1 4 0
4 vs 4 Forward
Center Wing Time % Phy DF OF
1 Jeff Carter Jakub Voracek 50 0 2 3
2 Kyle Wellwood J.T. Miller 50 0 2 3
4 vs 4 Defense
Defense Defense Time % Phy DF OF
1 Oliver Ekman-Larsson Steve McCarthy 50 1 3 1
2 Jeff Woywitka Jonathan Ericsson 50 1 3 1
Last Minutes Offensive
Center Left Wing Right Wing Defense Defense
Jeff Carter Drew Miller Jakub Voracek Oliver Ekman-Larsson Jeff Woywitka
Last Minutes Defensive
Center Left Wing Right Wing Defense Defense
Kyle Wellwood Chris Mcallister Brian McGrattan Oliver Ekman-Larsson Jeff Woywitka
Goaltenders
Starting : Steve Mason
Backup : Cory Schneider
Extra Forwards
Normal : Jeff Carter, Kyle Wellwood, Drew Miller - PP : Jeff Carter, Kyle Wellwood - PK : Matthew Lombardi
Extra Defensemen
Normal : Oliver Ekman-Larsson, Jeff Woywitka, Jonathan Ericsson - PP : Oliver Ekman-Larsson - PK : Oliver Ekman-Larsson, Jeff Woywitka
Penalty Shots
Jeff Carter, Jakub Voracek, Kyle Wellwood, Jaromir Jagr, J.T. Miller
Scratches
Dany Heatley (Left Eye Injury), Matt Smaby (Broken Bone (Right Leg) Injury)
% Time on Ice - Red Wings
Lines # - Real PCT - Wanted PCT - Time Play
Normal Forward
1 - 32% - 36% - 16:47
2 - 32% - 36% - 16:30
3 - 21% - 20% - 10:47
4 - 15% - 8% - 7:38
Normal Defense
1 - 38% - 35% - 19:24
2 - 35% - 35% - 18:21
3 - 19% - 20% - 9:51
4 - 8% - 10% - 4:06
PP Forward
1 - 50% - 55% - 3:09
2 - 50% - 45% - 3:10
PP Defense
1 - 56% - 60% - 3:31
2 - 44% - 40% - 2:48
PK Forward
1 - 65% - 50% - 1:17
2 - 35% - 50% - 0:42
PK Defense
1 - 45% - 50% - 0:53
2 - 55% - 50% - 1:06
PK3 Forward
1 - 0% - 60%
2 - 0% - 40%
PK3 Defense
1 - 0% - 50%
2 - 0% - 50%
44 Forward
1 - 0% - 60%
2 - 0% - 40%
44 Defense
1 - 0% - 60%
2 - 0% - 40%
Last Minute Offensive - 0:00
Last Minute Defensive - 0:00
Total
Forward - 60:00
Defense - 60:00
|
% Time on Ice - Flyers
Lines # - Real PCT - Wanted PCT - Time Play
Normal Forward
1 - 39% - 40% - 20:09
2 - 26% - 30% - 13:41
3 - 22% - 20% - 11:34
4 - 12% - 10% - 6:18
Normal Defense
1 - 29% - 30% - 15:05
2 - 31% - 30% - 15:55
3 - 33% - 30% - 16:50
4 - 7% - 10% - 3:52
PP Forward
1 - 52% - 50% - 1:02
2 - 48% - 50% - 0:57
PP Defense
1 - 47% - 50% - 0:56
2 - 53% - 50% - 1:03
PK Forward
1 - 49% - 50% - 3:06
2 - 51% - 50% - 3:13
PK Defense
1 - 56% - 50% - 3:33
2 - 44% - 50% - 2:46
PK3 Forward
1 - 0% - 50%
2 - 0% - 50%
PK3 Defense
1 - 0% - 50%
2 - 0% - 50%
44 Forward
1 - 0% - 50%
2 - 0% - 50%
44 Defense
1 - 0% - 50%
2 - 0% - 50%
Last Minute Offensive - 0:00
Last Minute Defensive - 0:00
Total
Forward - 60:00
Defense - 60:00
|
Play-by-Play
1st period
0:01 of 1st period - Jeff Carter wins face-off versus Mike Richards in neutral zone.
0:06 of 1st period - Snap shot by Jeff Carter.
0:06 of 1st period - Stopped by James Reimer with a rebound.
0:08 of 1st period - Wrist shot by Jeff Carter.
0:08 of 1st period - Shot Blocked by Brent Seabrook.
0:10 of 1st period - Slapshot by Jonathan Ericsson.
0:10 of 1st period - Shot Blocked by Brent Seabrook.
0:12 of 1st period - Snap shot by Drew Miller.
0:12 of 1st period - Stopped by James Reimer with a rebound.
0:14 of 1st period - Slapshot by Oliver Ekman-Larsson.
0:14 of 1st period - Stopped by James Reimer with a rebound.
0:16 of 1st period - Wrist shot by Jeff Carter.
0:16 of 1st period - Shot Misses the Net.
0:27 of 1st period - Minor Penalty to Kyle Wellwood for Hooking.
0:28 of 1st period - Matthew Lombardi wins face-off versus Tyler Seguin in Flyers zone.
1:04 of 1st period - Off-side.
1:05 of 1st period - J.T. Miller wins face-off versus Phil Kessel in neutral zone.
1:56 of 1st period - Off-side.
1:57 of 1st period - Marcus Kruger wins face-off versus Tyler Seguin in neutral zone.
2:24 of 1st period - Steve McCarthy is hit by Ryan Whitney.
2:27 of 1st period - Penalty to Kyle Wellwood is over, Kyle Wellwood is back on ice.
2:46 of 1st period - Matthew Lombardi is hit by Oleg Saprykin and loses puck.
2:52 of 1st period - Icing by Jonathan Ericsson.
2:53 of 1st period - Matthew Lombardi wins face-off versus Nate Thompson in Flyers zone.
3:08 of 1st period - Snap shot by Oleg Saprykin.
3:08 of 1st period - Shot Misses the Net.
3:10 of 1st period - Slapshot by Jiri Fischer.
3:10 of 1st period - Shot Misses the Net.
3:12 of 1st period - Slapshot by Ales Hemsky.
3:12 of 1st period - Shot Misses the Net.
3:14 of 1st period - Slapshot by Lubomir Visnovsky.
3:14 of 1st period - Shot Misses the Net.
3:16 of 1st period - Slapshot by Lubomir Visnovsky.
3:16 of 1st period - Shot Misses the Net.
3:39 of 1st period - Philip Samuelsson is hit by Matthew Lombardi.
3:43 of 1st period - Chris Mcallister is hit by Nate Thompson and loses puck.
4:00 of 1st period - Snap shot by Kyle Wellwood.
4:00 of 1st period - Goal by Kyle Wellwood - Red Wings : 0 - Flyers : 1.
4:01 of 1st period - Tyler Seguin wins face-off versus Jeff Carter in neutral zone.
4:28 of 1st period - Tyler Toffoli is hit by Marcus Kruger and loses puck.
5:12 of 1st period - Snap shot by Phil Kessel.
5:12 of 1st period - Shot Misses the Net.
5:38 of 1st period - Jiri Fischer is hit by Brian McGrattan and loses puck.
5:43 of 1st period - Snap shot by Brian McGrattan.
5:43 of 1st period - Stopped by James Reimer without a rebound.
5:44 of 1st period - Drew Miller wins face-off versus Nate Thompson in Red Wings zone.
5:47 of 1st period - Snap shot by Drew Miller.
5:47 of 1st period - Stopped by James Reimer with a rebound.
5:49 of 1st period - Snap shot by Dustin Jeffrey.
5:49 of 1st period - Deflect By Drew Miller.
5:49 of 1st period - Shot Hit the Post.
5:49 of 1st period - Puck is out of play.
5:50 of 1st period - Mike Richards wins face-off versus J.T. Miller in Red Wings zone.
6:15 of 1st period - Wrist shot by Kyle Wellwood.
6:15 of 1st period - Shot Hit the Post.
6:23 of 1st period - Brian Lashoff is hit by Ryan Whitney.
7:02 of 1st period - Minor Penalty to Jeff Carter for Hooking.
7:03 of 1st period - Matthew Lombardi wins face-off versus Tyler Seguin in Flyers zone.
7:10 of 1st period - Icing by Tyler Seguin.
7:11 of 1st period - Tyler Seguin wins face-off versus Kyle Wellwood in Red Wings zone.
7:18 of 1st period - Snap shot by Tyler Seguin.
7:18 of 1st period - Stopped by Steve Mason with a rebound.
7:20 of 1st period - Slapshot by Ryan Whitney.
7:20 of 1st period - Stopped by Steve Mason with a rebound.
7:22 of 1st period - Wrist shot by Phil Kessel.
7:22 of 1st period - Shot Blocked by Kyle Wellwood.
7:24 of 1st period - Snap shot by Phil Kessel.
7:24 of 1st period - Goal by Phil Kessel - Red Wings : 1 - Flyers : 1.
7:25 of 1st period - Kyle Wellwood wins face-off versus Tyler Seguin in neutral zone.
7:42 of 1st period - Snap shot by J.T. Miller.
7:42 of 1st period - Shot Blocked by Philip Samuelsson.
7:58 of 1st period - Off-side.
7:59 of 1st period - Marcus Kruger wins face-off versus Mike Richards in neutral zone.
8:50 of 1st period - Chris Kelly is hit by Kyle Wellwood and loses puck.
9:43 of 1st period - Icing by Brent Seabrook.
9:44 of 1st period - Mike Richards wins face-off versus Jeff Carter in Red Wings zone.
9:49 of 1st period - Slapshot by Tyler Toffoli.
9:49 of 1st period - Stopped by Steve Mason with a rebound.
9:53 of 1st period - Wrist shot by Sean Bergenheim.
9:53 of 1st period - Shot Misses the Net.
9:55 of 1st period - Slapshot by Brent Seabrook.
9:55 of 1st period - Shot Blocked by Brian Lashoff.
9:57 of 1st period - Slapshot by Ryan Whitney.
9:57 of 1st period - Stopped by Steve Mason without a rebound.
9:58 of 1st period - Tyler Seguin wins face-off versus Kyle Wellwood in Flyers zone.
10:01 of 1st period - Wrist shot by Adam Henrique.
10:01 of 1st period - Shot Misses the Net.
10:03 of 1st period - Slapshot by Philip Samuelsson.
10:03 of 1st period - Deflect By Phil Kessel.
10:03 of 1st period - Shot Blocked by Mats Zuccarello.
10:03 of 1st period - Puck is out of play.
10:04 of 1st period - Tyler Seguin wins face-off versus Kyle Wellwood in Flyers zone.
10:07 of 1st period - Snap shot by Phil Kessel.
10:07 of 1st period - Shot Blocked by J.T. Miller.
10:32 of 1st period - Slapshot by Jakub Voracek.
10:32 of 1st period - Stopped by James Reimer with a rebound.
11:09 of 1st period - Icing by Ole-Kristian Tollefsen.
11:10 of 1st period - Nate Thompson wins face-off versus Matthew Lombardi in Red Wings zone.
11:35 of 1st period - Snap shot by Sean Bergenheim.
11:35 of 1st period - Stopped by Steve Mason with a rebound.
11:47 of 1st period - Wrist shot by Jeff Carter.
11:47 of 1st period - Shot Misses the Net.
11:59 of 1st period - Snap shot by Alex Picard.
11:59 of 1st period - Deflect By Carson Mcmillan.
11:59 of 1st period - Stopped by Steve Mason without a rebound.
12:00 of 1st period - J.T. Miller wins face-off versus Chris Kelly in Flyers zone.
12:24 of 1st period - Snap shot by Carson Mcmillan.
12:24 of 1st period - Deflect By Mats Zuccarello.
12:24 of 1st period - Shot Misses the Net.
12:24 of 1st period - Puck is out of play.
12:25 of 1st period - Jeff Carter wins face-off versus Tyler Seguin in Flyers zone.
12:25 of 1st period - Jeff Carter is hit by Jiri Fischer.
12:51 of 1st period - Tyler Toffoli is hit by Brian Lashoff.
14:58 of 1st period - Snap shot by Phil Kessel.
14:58 of 1st period - Stopped by Steve Mason without a rebound.
14:59 of 1st period - Jeff Carter wins face-off versus Tyler Seguin in Flyers zone.
15:41 of 1st period - Slapshot by Phil Kessel.
15:41 of 1st period - Shot Hit the Post.
15:43 of 1st period - Wrist shot by Tyler Seguin.
15:43 of 1st period - Shot Misses the Net.
15:45 of 1st period - Snap shot by Ole-Kristian Tollefsen.
15:45 of 1st period - Deflect By Adam Henrique.
15:45 of 1st period - Shot Misses the Net.
15:45 of 1st period - Puck is out of play.
15:46 of 1st period - Mike Richards wins face-off versus Chris Mcallister in Flyers zone.
15:53 of 1st period - Sean Bergenheim is hit by Chris Mcallister and loses puck.
16:02 of 1st period - Snap shot by Mike Richards.
16:02 of 1st period - Stopped by Steve Mason with a rebound.
16:43 of 1st period - Slapshot by Kyle Wellwood.
16:43 of 1st period - Stopped by James Reimer with a rebound.
17:01 of 1st period - Snap shot by Matthew Lombardi.
17:01 of 1st period - Shot Misses the Net.
17:03 of 1st period - Snap shot by Brian Lashoff.
17:03 of 1st period - Stopped by James Reimer with a rebound.
17:27 of 1st period - Icing by Steve McCarthy.
17:28 of 1st period - Chris Kelly wins face-off versus Marcus Kruger in Flyers zone.
17:29 of 1st period - Snap shot by Carson Mcmillan.
17:29 of 1st period - Shot Blocked by Steve McCarthy.
17:51 of 1st period - Wrist shot by Chris Mcallister.
17:51 of 1st period - Shot Misses the Net.
17:53 of 1st period - Wrist shot by Brian Lashoff.
17:53 of 1st period - Deflect By Chris Mcallister.
17:53 of 1st period - Shot Misses the Net.
17:53 of 1st period - Puck is out of play.
17:54 of 1st period - Mike Richards wins face-off versus Jeff Carter in Red Wings zone.
18:00 of 1st period - Off-side.
18:01 of 1st period - Mike Richards wins face-off versus Jeff Carter in neutral zone.
18:03 of 1st period - Off-side.
18:04 of 1st period - Jakub Voracek wins face-off versus Mike Richards in neutral zone.
18:11 of 1st period - Jakub Voracek is hit by Mike Richards and loses puck.
19:03 of 1st period - Icing by Ryan Whitney.
19:04 of 1st period - Mike Richards wins face-off versus Kyle Wellwood in Red Wings zone.
19:23 of 1st period - Slapshot by Mike Richards.
19:23 of 1st period - Stopped by Steve Mason without a rebound.
19:24 of 1st period - Marcus Kruger wins face-off versus Tyler Seguin in Flyers zone.
19:31 of 1st period - Snap shot by Chris Mcallister.
19:31 of 1st period - Stopped by James Reimer with a rebound.
19:33 of 1st period - Backhand shot by Steve McCarthy.
19:33 of 1st period - Stopped by James Reimer with a rebound.
19:35 of 1st period - Backhand shot by Steve McCarthy.
19:35 of 1st period - Stopped by James Reimer with a rebound.
19:41 of 1st period - Wrist shot by Chris Mcallister.
19:41 of 1st period - Shot Misses the Net.
Goals for this period are 1 for Red Wings vs 1 for Flyers.
Shots for this period are 10 for Red Wings vs 12 for Flyers.
2nd period
0:01 of 2nd period - Drew Miller wins face-off versus Tyler Seguin in neutral zone.
0:55 of 2nd period - Chris Kelly is hit by Jaromir Jagr and loses puck.
2:21 of 2nd period - Snap shot by Adam Henrique.
2:21 of 2nd period - Shot Misses the Net.
2:23 of 2nd period - Slapshot by Phil Kessel.
2:23 of 2nd period - Stopped by Steve Mason with a rebound.
2:25 of 2nd period - Slapshot by Lubomir Visnovsky.
2:25 of 2nd period - Stopped by Steve Mason with a rebound.
3:05 of 2nd period - Wrist shot by Oleg Saprykin.
3:05 of 2nd period - Stopped by Steve Mason without a rebound.
3:06 of 2nd period - Kyle Wellwood wins face-off versus Tyler Seguin in Flyers zone.
3:15 of 2nd period - Wrist shot by J.T. Miller.
3:15 of 2nd period - Stopped by James Reimer with a rebound.
3:17 of 2nd period - Snap shot by Kyle Wellwood.
3:17 of 2nd period - Deflect By J.T. Miller.
3:17 of 2nd period - Shot Blocked by Ole-Kristian Tollefsen.
3:17 of 2nd period - Puck is out of play.
3:18 of 2nd period - Tyler Seguin wins face-off versus Jeff Carter in Red Wings zone.
4:11 of 2nd period - Slapshot by Chris Kelly.
4:11 of 2nd period - Stopped by Steve Mason without a rebound.
4:12 of 2nd period - Tyler Seguin wins face-off versus Marcus Kruger in Flyers zone.
4:13 of 2nd period - Wrist shot by Adam Henrique.
4:13 of 2nd period - Stopped by Steve Mason with a rebound.
4:15 of 2nd period - Slapshot by Lubomir Visnovsky.
4:15 of 2nd period - Stopped by Steve Mason with a rebound.
4:17 of 2nd period - Slapshot by Lubomir Visnovsky.
4:17 of 2nd period - Shot Blocked by Jonathan Ericsson.
4:19 of 2nd period - Slapshot by Jiri Fischer.
4:19 of 2nd period - Stopped by Steve Mason without a rebound.
4:20 of 2nd period - Tyler Seguin wins face-off versus Jeff Carter in Flyers zone.
4:21 of 2nd period - Wrist shot by Adam Henrique.
4:21 of 2nd period - Shot Misses the Net.
4:26 of 2nd period - Off-side.
4:27 of 2nd period - Tyler Seguin wins face-off versus Jeff Carter in neutral zone.
4:40 of 2nd period - Wrist shot by Adam Henrique.
4:40 of 2nd period - Stopped by Steve Mason with a rebound.
4:42 of 2nd period - Slapshot by Jiri Fischer.
4:42 of 2nd period - Shot Misses the Net.
5:18 of 2nd period - Ole-Kristian Tollefsen is hit by Jeff Woywitka and loses puck.
6:01 of 2nd period - Wrist shot by Brian McGrattan.
6:01 of 2nd period - Shot Blocked by Oleg Saprykin.
6:19 of 2nd period - Snap shot by Kyle Wellwood.
6:19 of 2nd period - Shot Blocked by Brent Seabrook.
6:40 of 2nd period - Oliver Ekman-Larsson is hit by Lubomir Visnovsky.
7:02 of 2nd period - Snap shot by Marcus Kruger.
7:02 of 2nd period - Shot Misses the Net.
7:04 of 2nd period - Slapshot by Nathan Beaulieu.
7:04 of 2nd period - Shot Blocked by Lubomir Visnovsky.
7:06 of 2nd period - Snap shot by Jeff Woywitka.
7:06 of 2nd period - Shot Blocked by Jiri Fischer.
7:16 of 2nd period - Adam Henrique is hit by Matthew Lombardi and loses puck.
7:27 of 2nd period - Lubomir Visnovsky is hit by Matthew Lombardi and loses puck.
7:38 of 2nd period - Adam Henrique is hit by Mats Zuccarello and loses puck.
7:47 of 2nd period - Slapshot by Jiri Fischer.
7:47 of 2nd period - Stopped by Steve Mason without a rebound.
7:47 of 2nd period - Minor Penalty to Steve Mason for Slashing.
7:48 of 2nd period - Matthew Lombardi wins face-off versus Mike Richards in Flyers zone.
7:48 of 2nd period - Matthew Lombardi is hit by Sean Bergenheim.
7:54 of 2nd period - Slapshot by Steve McCarthy.
7:54 of 2nd period - Stopped by James Reimer without a rebound.
7:55 of 2nd period - Mike Richards wins face-off versus Matthew Lombardi in Red Wings zone.
8:04 of 2nd period - Slapshot by Sean Bergenheim.
8:04 of 2nd period - Shot Blocked by Oliver Ekman-Larsson.
8:30 of 2nd period - Wrist shot by Phil Kessel.
8:30 of 2nd period - Stopped by Steve Mason without a rebound.
8:31 of 2nd period - Matthew Lombardi wins face-off versus Mike Richards in Flyers zone.
8:34 of 2nd period - Snap shot by Mike Richards.
8:34 of 2nd period - Stopped by Steve Mason with a rebound.
8:36 of 2nd period - Slapshot by Ryan Whitney.
8:36 of 2nd period - Shot Blocked by Chris Mcallister.
8:38 of 2nd period - Snap shot by Sean Bergenheim.
8:38 of 2nd period - Shot Misses the Net.
9:06 of 2nd period - Slapshot by J.T. Miller.
9:06 of 2nd period - Stopped by James Reimer with a rebound.
9:08 of 2nd period - Slapshot by Jonathan Ericsson.
9:08 of 2nd period - Stopped by James Reimer with a rebound.
9:19 of 2nd period - Snap shot by Tyler Toffoli.
9:19 of 2nd period - Stopped by Steve Mason with a rebound.
9:47 of 2nd period - Penalty to Mats Zuccarello is over, Mats Zuccarello is back on ice.
10:05 of 2nd period - Snap shot by Oliver Ekman-Larsson.
10:05 of 2nd period - Shot Misses the Net.
10:07 of 2nd period - Snap shot by Chris Mcallister.
10:07 of 2nd period - Stopped by James Reimer with a rebound.
10:09 of 2nd period - Slapshot by Steve McCarthy.
10:09 of 2nd period - Deflect By Chris Mcallister.
10:09 of 2nd period - Shot Misses the Net.
10:09 of 2nd period - Puck is out of play.
10:10 of 2nd period - Nate Thompson wins face-off versus Jeff Carter in Red Wings zone.
10:10 of 2nd period - Nate Thompson is hit by Jeff Woywitka.
10:22 of 2nd period - Snap shot by Jakub Voracek.
10:22 of 2nd period - Stopped by James Reimer with a rebound.
11:26 of 2nd period - Jakub Voracek is hit by Chris Kelly.
11:40 of 2nd period - Nate Thompson is hit by Matthew Lombardi and loses puck.
12:15 of 2nd period - Snap shot by Alex Picard.
12:15 of 2nd period - Stopped by Steve Mason with a rebound.
12:17 of 2nd period - Slapshot by Ryan Whitney.
12:17 of 2nd period - Stopped by Steve Mason with a rebound.
12:23 of 2nd period - Snap shot by Drew Miller.
12:23 of 2nd period - Stopped by James Reimer without a rebound.
12:24 of 2nd period - Drew Miller wins face-off versus Tyler Seguin in Red Wings zone.
12:25 of 2nd period - Slapshot by Jakub Voracek.
12:25 of 2nd period - Shot Blocked by Jiri Fischer.
12:27 of 2nd period - Wrist shot by Drew Miller.
12:27 of 2nd period - Shot Blocked by Lubomir Visnovsky.
12:29 of 2nd period - Slapshot by Brian Lashoff.
12:29 of 2nd period - Shot Misses the Net.
12:51 of 2nd period - Sean Bergenheim is hit by Brian Lashoff.
14:15 of 2nd period - Off-side.
14:16 of 2nd period - Kyle Wellwood wins face-off versus Mike Richards in neutral zone.
14:26 of 2nd period - Slapshot by Sean Bergenheim.
14:26 of 2nd period - Stopped by Steve Mason with a rebound.
14:28 of 2nd period - Wrist shot by Sean Bergenheim.
14:28 of 2nd period - Shot Hit the Post.
15:14 of 2nd period - Off-side.
15:15 of 2nd period - Kyle Wellwood wins face-off versus Mike Richards in neutral zone.
15:28 of 2nd period - Snap shot by Kyle Wellwood.
15:28 of 2nd period - Shot Blocked by Philip Samuelsson.
15:30 of 2nd period - Wrist shot by J.T. Miller.
15:30 of 2nd period - Stopped by James Reimer without a rebound.
15:31 of 2nd period - Marcus Kruger wins face-off versus Tyler Seguin in Red Wings zone.
16:21 of 2nd period - Slapshot by Adam Henrique.
16:21 of 2nd period - Goal by Adam Henrique - Red Wings : 2 - Flyers : 1.
16:22 of 2nd period - Jeff Carter wins face-off versus Mike Richards in neutral zone.
16:30 of 2nd period - Wrist shot by Drew Miller.
16:30 of 2nd period - Shot Misses the Net.
16:32 of 2nd period - Wrist shot by Jeff Carter.
16:32 of 2nd period - Shot Misses the Net.
16:34 of 2nd period - Slapshot by Brian Lashoff.
16:34 of 2nd period - Deflect By Drew Miller.
16:34 of 2nd period - Shot Blocked by Brent Seabrook.
16:34 of 2nd period - Puck is out of play.
16:35 of 2nd period - Mike Richards wins face-off versus Jeff Carter in Red Wings zone.
16:41 of 2nd period - Off-side.
16:42 of 2nd period - Mike Richards wins face-off versus Jeff Carter in neutral zone.
16:45 of 2nd period - Snap shot by Tyler Toffoli.
16:45 of 2nd period - Shot Misses the Net.
17:05 of 2nd period - Slapshot by Drew Miller.
17:05 of 2nd period - Stopped by James Reimer with a rebound.
17:07 of 2nd period - Wrist shot by Jeff Carter.
17:07 of 2nd period - Shot Blocked by Brent Seabrook.
17:20 of 2nd period - Icing by Jeff Woywitka.
17:21 of 2nd period - Phil Kessel wins face-off versus Jeff Carter in Flyers zone.
17:43 of 2nd period - Icing by Alex Picard.
17:44 of 2nd period - Kyle Wellwood wins face-off versus Alex Picard in Red Wings zone.
17:51 of 2nd period - Ole-Kristian Tollefsen is hit by Kyle Wellwood.
17:52 of 2nd period - Icing by Ole-Kristian Tollefsen.
17:53 of 2nd period - J.T. Miller wins face-off versus Alex Picard in Red Wings zone.
17:54 of 2nd period - Wrist shot by Mats Zuccarello.
17:54 of 2nd period - Stopped by James Reimer with a rebound.
17:56 of 2nd period - Slapshot by Oliver Ekman-Larsson.
17:56 of 2nd period - Deflect By Alex Picard.
17:56 of 2nd period - Stopped by James Reimer with a rebound.
18:14 of 2nd period - Snap shot by Kyle Wellwood.
18:14 of 2nd period - Stopped by James Reimer without a rebound.
18:15 of 2nd period - Tyler Seguin wins face-off versus Jeff Carter in Red Wings zone.
18:15 of 2nd period - Tyler Seguin is hit by Jakub Voracek.
19:29 of 2nd period - Jonathan Ericsson is hit by Nate Thompson and loses puck.
19:48 of 2nd period - Snap shot by Phil Kessel.
19:48 of 2nd period - Shot Misses the Net.
19:50 of 2nd period - Wrist shot by Phil Kessel.
19:50 of 2nd period - Stopped by Steve Mason without a rebound.
19:51 of 2nd period - Jeff Carter wins face-off versus Mike Richards in Flyers zone.
Goals for this period are 1 for Red Wings vs 0 for Flyers.
Shots for this period are 17 for Red Wings vs 12 for Flyers.
3rd period
0:01 of 3rd period - Tyler Seguin wins face-off versus Jeff Carter in neutral zone.
0:04 of 3rd period - Wrist shot by Adam Henrique.
0:04 of 3rd period - Deflect By Phil Kessel.
0:04 of 3rd period - Goal by Phil Kessel - Red Wings : 3 - Flyers : 1.
0:05 of 3rd period - Jeff Carter wins face-off versus Mike Richards in neutral zone.
0:12 of 3rd period - Slapshot by Jeff Carter.
0:12 of 3rd period - Stopped by James Reimer without a rebound.
0:13 of 3rd period - Mike Richards wins face-off versus Drew Miller in Red Wings zone.
0:26 of 3rd period - Snap shot by Jeff Carter.
0:26 of 3rd period - Stopped by James Reimer without a rebound.
0:27 of 3rd period - Tyler Seguin wins face-off versus Kyle Wellwood in Red Wings zone.
0:41 of 3rd period - Off-side.
0:42 of 3rd period - Jeff Carter wins face-off versus Mike Richards in neutral zone.
0:59 of 3rd period - Sean Bergenheim is hit by Jeff Carter.
2:45 of 3rd period - Jiri Fischer is hit by Chris Mcallister and loses puck.
3:22 of 3rd period - Brent Seabrook is hit by Matthew Lombardi and loses puck.
3:31 of 3rd period - Wrist shot by Matthew Lombardi.
3:31 of 3rd period - Goal by Matthew Lombardi - Red Wings : 3 - Flyers : 2.
3:32 of 3rd period - Jeff Carter wins face-off versus Tyler Seguin in neutral zone.
3:35 of 3rd period - Slapshot by Drew Miller.
3:35 of 3rd period - Stopped by James Reimer with a rebound.
3:37 of 3rd period - Snap shot by Drew Miller.
3:37 of 3rd period - Stopped by James Reimer with a rebound.
3:39 of 3rd period - Slapshot by Jeff Woywitka.
3:39 of 3rd period - Deflect By Jakub Voracek.
3:39 of 3rd period - Shot Blocked by Adam Henrique.
3:39 of 3rd period - Puck is out of play.
3:40 of 3rd period - Jeff Carter wins face-off versus Tyler Seguin in Red Wings zone.
4:01 of 3rd period - Wrist shot by Drew Miller.
4:01 of 3rd period - Shot Misses the Net.
4:03 of 3rd period - Wrist shot by Jeff Carter.
4:03 of 3rd period - Stopped by James Reimer with a rebound.
4:05 of 3rd period - Snap shot by Jeff Woywitka.
4:05 of 3rd period - Deflect By Drew Miller.
4:05 of 3rd period - Stopped by James Reimer with a rebound.
5:00 of 3rd period - Minor Penalty to Jakub Voracek for Tripping.
5:01 of 3rd period - Matthew Lombardi wins face-off versus Mike Richards in Flyers zone.
5:15 of 3rd period - Backhand shot by J.T. Miller.
5:15 of 3rd period - Stopped by James Reimer with a rebound.
7:00 of 3rd period - Penalty to Jakub Voracek is over, Jakub Voracek is back on ice.
7:10 of 3rd period - Jonathan Ericsson is hit by Brent Seabrook and loses puck.
7:27 of 3rd period - Wrist shot by Chris Mcallister.
7:27 of 3rd period - Deflect By Marcus Kruger.
7:27 of 3rd period - Stopped by James Reimer without a rebound.
7:28 of 3rd period - Marcus Kruger wins face-off versus Nate Thompson in Red Wings zone.
7:53 of 3rd period - Jeff Woywitka is hit by Lubomir Visnovsky.
7:54 of 3rd period - Icing by Jeff Woywitka.
7:55 of 3rd period - Chris Kelly wins face-off versus Kyle Wellwood in Flyers zone.
8:10 of 3rd period - Wrist shot by Kyle Wellwood.
8:10 of 3rd period - Shot Misses the Net.
8:12 of 3rd period - Slapshot by Jeff Woywitka.
8:12 of 3rd period - Stopped by James Reimer with a rebound.
8:14 of 3rd period - Snap shot by J.T. Miller.
8:14 of 3rd period - Shot Blocked by Philip Samuelsson.
8:16 of 3rd period - Snap shot by Kyle Wellwood.
8:16 of 3rd period - Shot Misses the Net.
8:18 of 3rd period - Slapshot by Nathan Beaulieu.
8:18 of 3rd period - Stopped by James Reimer with a rebound.
8:28 of 3rd period - Icing by Alex Picard.
8:29 of 3rd period - Chris Kelly wins face-off versus Jakub Voracek in Red Wings zone.
9:29 of 3rd period - Snap shot by Chris Kelly.
9:29 of 3rd period - Shot Blocked by Jonathan Ericsson.
9:31 of 3rd period - Wrist shot by Carson Mcmillan.
9:31 of 3rd period - Goal by Carson Mcmillan - Red Wings : 4 - Flyers : 2.
9:32 of 3rd period - Mike Richards wins face-off versus Kyle Wellwood in neutral zone.
10:03 of 3rd period - Snap shot by Phil Kessel.
10:03 of 3rd period - Stopped by Steve Mason without a rebound.
10:04 of 3rd period - Jeff Carter wins face-off versus Mike Richards in Flyers zone.
11:38 of 3rd period - Snap shot by Phil Kessel.
11:38 of 3rd period - Stopped by Steve Mason with a rebound.
12:04 of 3rd period - Snap shot by J.T. Miller.
12:04 of 3rd period - Deflect By Kyle Wellwood.
12:04 of 3rd period - Stopped by James Reimer without a rebound.
12:05 of 3rd period - Marcus Kruger wins face-off versus Tyler Seguin in Red Wings zone.
12:30 of 3rd period - Mike Richards is hit by Nathan Beaulieu and loses puck.
12:37 of 3rd period - Backhand shot by Kyle Wellwood.
12:37 of 3rd period - Stopped by James Reimer with a rebound.
12:39 of 3rd period - Wrist shot by Kyle Wellwood.
12:39 of 3rd period - Stopped by James Reimer without a rebound.
12:40 of 3rd period - Jeff Carter wins face-off versus Tyler Seguin in Red Wings zone.
12:43 of 3rd period - Wrist shot by Jeff Carter.
12:43 of 3rd period - Stopped by James Reimer with a rebound.
12:45 of 3rd period - Snap shot by Jakub Voracek.
12:45 of 3rd period - Stopped by James Reimer with a rebound.
12:47 of 3rd period - Wrist shot by Jakub Voracek.
12:47 of 3rd period - Shot Misses the Net.
13:07 of 3rd period - Mats Zuccarello is hit by Tyler Toffoli and loses puck.
13:14 of 3rd period - Slapshot by Sean Bergenheim.
13:14 of 3rd period - Stopped by Steve Mason with a rebound.
13:16 of 3rd period - Wrist shot by Tyler Toffoli.
13:16 of 3rd period - Stopped by Steve Mason without a rebound.
13:17 of 3rd period - Jeff Carter wins face-off versus Mike Richards in Flyers zone.
13:17 of 3rd period - Jeff Carter is hit by Sean Bergenheim.
13:33 of 3rd period - Wrist shot by Jeff Carter.
13:33 of 3rd period - Stopped by James Reimer with a rebound.
13:43 of 3rd period - J.T. Miller is hit by Ryan Whitney and loses puck.
13:50 of 3rd period - Backhand shot by Oliver Ekman-Larsson.
13:50 of 3rd period - Shot Blocked by Brent Seabrook.
15:15 of 3rd period - Snap shot by Phil Kessel.
15:15 of 3rd period - Shot Misses the Net.
15:25 of 3rd period - Lubomir Visnovsky is hit by Steve McCarthy and loses puck.
15:45 of 3rd period - Minor Penalty to Oleg Saprykin for Hooking.
15:46 of 3rd period - Sean Bergenheim wins face-off versus Jeff Carter in Red Wings zone.
15:57 of 3rd period - Wrist shot by Carson Mcmillan.
15:57 of 3rd period - Stopped by Steve Mason with a rebound.
16:05 of 3rd period - Carson Mcmillan is hit by Jonathan Ericsson.
16:45 of 3rd period - Jakub Voracek is hit by Carson Mcmillan.
17:04 of 3rd period - Icing by Oliver Ekman-Larsson.
17:05 of 3rd period - Kyle Wellwood wins face-off versus Tyler Seguin in Flyers zone.
17:45 of 3rd period - Penalty to Oleg Saprykin is over, Oleg Saprykin is back on ice.
18:20 of 3rd period - Backhand shot by Adam Henrique.
18:20 of 3rd period - Stopped by Steve Mason without a rebound.
18:21 of 3rd period - Tyler Seguin wins face-off versus Jeff Carter in Flyers zone.
18:26 of 3rd period - Slapshot by Phil Kessel.
18:26 of 3rd period - Deflect By Tyler Seguin.
18:26 of 3rd period - Shot Misses the Net.
18:26 of 3rd period - Puck is out of play.
18:27 of 3rd period - Chris Kelly wins face-off versus Marcus Kruger in Flyers zone.
18:28 of 3rd period - Wrist shot by Alex Picard.
18:28 of 3rd period - Stopped by Steve Mason with a rebound.
18:44 of 3rd period - Snap shot by Chris Mcallister.
18:44 of 3rd period - Stopped by James Reimer without a rebound.
18:45 of 3rd period - Mike Richards wins face-off versus Jeff Carter in Red Wings zone.
Goals for this period are 2 for Red Wings vs 1 for Flyers.
Shots for this period are 9 for Red Wings vs 18 for Flyers.
Back to the Top